| TOP OF THE 1ST |
|
Montgomery Biscuits batting - Pitching for Chattanooga Lookouts : LHP Willie Jimenez
|
|
Pitching: LHP Willie Jimenez
|
|
|
Batting: RHB Chris Thorson
|
0-0: Ball 1-0: Ball 2-0: Foul Ball, location: 2F 2-1: Ball 3-1: Called Strike 3-2: Strikes out looking
|
|
Batting: RHB Roberto Aispuro
|
0-0: Foul Ball, location: 2F 0-1: Called Strike 0-2: Ball 1-2: Strikes out looking
|
|
Batting: LHB Darryl Gonnella
|
0-0: Called Strike 0-1: Swinging Strike 0-2: Ground out 4-3 (Groundball, 34, EV 96.9 MPH)
|
| Top of the 1st over - 0 runs, 0 hits, 0 errors, 0 left on base; Montgomery 0 - Chattanooga 0 |
| BOTTOM OF THE 1ST |
|
Chattanooga Lookouts batting - Pitching for Montgomery Biscuits : LHP Frank Rodriguez
|
|
Pitching: LHP Frank Rodriguez
|
|
|
Batting: SHB Matt Urbani
|
0-0: Ball 1-0: Called Strike 1-1: Swinging Strike 1-2: Ball 2-2: Ball 3-2: DOUBLE (Flyball, 8RXD, EV 113.8 MPH)
|
|
Batting: LHB Marshall Daul
|
0-0: Swinging Strike 0-1: Called Strike 0-2: Strikes out looking
|
|
Batting: RHB Leo Gonzalez
|
0-0: Ball Matt Urbani is caught stealing 3rd base 2-5 1-0: Foul Ball, location: 2F 1-1: Ball 2-1: Called Strike 2-2: Ground out 3-1 (Groundball, 34, EV 80.0 MPH)
|
| Bottom of the 1st over - 0 runs, 1 hit, 0 errors, 0 left on base; Montgomery 0 - Chattanooga 0 |
| TOP OF THE 2ND |
|
Montgomery Biscuits batting - Pitching for Chattanooga Lookouts : LHP Willie Jimenez
|
|
Batting: LHB Eric Toney
|
0-0: Ball 1-0: Fly out, F8 (Line Drive, 8LM, EV 88.8 MPH)
|
|
Batting: RHB Freddy Mullen
|
0-0: SOLO HOME RUN (Flyball, 78XD, EV 108.1 MPH), Distance : 431 ft
|
|
Batting: RHB John Downing
|
0-0: SINGLE (Line Drive, 4M, EV 108.1 MPH)
|
|
Batting: LHB Angel Ruvalcaba
|
0-0: Called Strike John Downing is caught stealing 2nd base 2-6 0-1: Swinging Strike 0-2: Ball 1-2: Ball 2-2: Fly out, F3 (Line Drive, 34, EV 64.4 MPH)
|
| Top of the 2nd over - 1 run, 2 hits, 0 errors, 0 left on base; Montgomery 1 - Chattanooga 0 |
| BOTTOM OF THE 2ND |
|
Chattanooga Lookouts batting - Pitching for Montgomery Biscuits : LHP Frank Rodriguez
|
|
Batting: RHB Michael McDonald
|
0-0: Swinging Strike 0-1: Ball 1-1: Ball 2-1: Swinging Strike 2-2: Ground out 6-3 (Groundball, 6, EV 100.6 MPH)
|
|
Batting: LHB Jon Ventura
|
0-0: Ball 1-0: Ball 2-0: Ball 3-0: Called Strike 3-1: Foul Ball, location: 2F 3-2: Strikes out looking
|
|
Batting: RHB Nick Phipps
|
0-0: Called Strike 0-1: Swinging Strike 0-2: Strikes out swinging
|
| Bottom of the 2nd over - 0 runs, 0 hits, 0 errors, 0 left on base; Montgomery 1 - Chattanooga 0 |
| TOP OF THE 3RD |
|
Montgomery Biscuits batting - Pitching for Chattanooga Lookouts : LHP Willie Jimenez
|
|
Batting: RHB Dave Galloway
|
0-0: Called Strike 0-1: Ball 1-1: Ball 2-1: Foul Ball, location: 2F 2-2: SINGLE (Flyball, 8RS, EV 93.8 MPH)
|
|
Batting: LHB Danny Hull
|
0-0: Ball 1-0: Ball 2-0: Swinging Strike 2-1: Ball 3-1: Swinging Strike 3-2: Strikes out swinging Dave Galloway is caught stealing 2nd base 2-6 Batter strikes out.
|
|
Batting: RHB Chris Thorson
|
0-0: SINGLE (Flyball, 7LS, EV 98.1 MPH)
|
|
Batting: RHB Roberto Aispuro
|
0-0: Called Strike 0-1: Ball Chris Thorson steals 2nd base 1-1: Ball 2-1: Foul Ball, location: 2F 2-2: Ball 3-2: Strikes out looking
|
| Top of the 3rd over - 0 runs, 2 hits, 0 errors, 1 left on base; Montgomery 1 - Chattanooga 0 |
| BOTTOM OF THE 3RD |
|
Chattanooga Lookouts batting - Pitching for Montgomery Biscuits : LHP Frank Rodriguez
|
|
Batting: LHB David Campbell
|
0-0: Foul Ball, location: 2F 0-1: Swinging Strike 0-2: Ball 1-2: Foul Ball, location: 2F 1-2: Ground out U3 (Groundball, 3L, EV 89.4 MPH)
|
|
Batting: RHB David Nardone
|
0-0: Ball 1-0: SINGLE (Line Drive, 9LS, EV 93.1 MPH)
|
|
Batting: RHB Jose Gracia
|
0-0: Ball 1-0: Called Strike 1-1: Called Strike David Nardone steals 2nd base 1-2: Fly out, F8 (Flyball, 8LXD, EV 100.0 MPH) Runner from 2nd tags up, SAFE at 3rd, no throw by CF
|
|
Batting: SHB Matt Urbani
|
0-0: Called Strike 0-1: Ball 1-1: Foul Ball, location: 2F 1-2: Ground out 6-3 (Groundball, 56, EV 105.0 MPH)
|
| Bottom of the 3rd over - 0 runs, 1 hit, 0 errors, 1 left on base; Montgomery 1 - Chattanooga 0 |
| TOP OF THE 4TH |
|
Montgomery Biscuits batting - Pitching for Chattanooga Lookouts : LHP Willie Jimenez
|
|
Batting: LHB Darryl Gonnella
|
0-0: Called Strike 0-1: Ground out 6-3 (Groundball, 6, EV 90.6 MPH)
|
|
Batting: LHB Eric Toney
|
0-0: Called Strike 0-1: Ball 1-1: Ball 2-1: Called Strike 2-2: Ball 3-2: Fly out, F9 (Line Drive, 9S, EV 87.5 MPH)
|
|
Batting: RHB Freddy Mullen
|
0-0: Called Strike 0-1: Ball 1-1: SINGLE (Groundball, 6D, EV 104.4 MPH)
|
|
Batting: RHB John Downing
|
0-0: Ball 1-0: Swinging Strike 1-1: Swinging Strike 1-2: Strikes out swinging
|
| Top of the 4th over - 0 runs, 1 hit, 0 errors, 1 left on base; Montgomery 1 - Chattanooga 0 |
| BOTTOM OF THE 4TH |
|
Chattanooga Lookouts batting - Pitching for Montgomery Biscuits : LHP Frank Rodriguez
|
|
Batting: LHB Marshall Daul
|
0-0: Ball 1-0: Called Strike 1-1: Foul Ball, location: 2F 1-2: Foul Ball, location: 2F 1-2: Ball 2-2: Foul Ball, location: 2F 2-2: Ball 3-2: Foul Ball, location: 2F 3-2: Fly out, F9 (Flyball, 9LM, EV 90.6 MPH)
|
|
Batting: RHB Leo Gonzalez
|
0-0: Ball 1-0: Called Strike 1-1: Fly out, F7 (Flyball, 78M, EV 91.2 MPH)
|
|
Batting: RHB Michael McDonald
|
0-0: Swinging Strike 0-1: Called Strike 0-2: Strikes out looking
|
| Bottom of the 4th over - 0 runs, 0 hits, 0 errors, 0 left on base; Montgomery 1 - Chattanooga 0 |
| TOP OF THE 5TH |
|
Montgomery Biscuits batting - Pitching for Chattanooga Lookouts : LHP Willie Jimenez
|
|
Batting: LHB Angel Ruvalcaba
|
0-0: Ground out 2-3 (Groundball, 15S, EV 63.8 MPH)
|
|
Batting: RHB Dave Galloway
|
0-0: Ball 1-0: Swinging Strike 1-1: Swinging Strike 1-2: Ball 2-2: Ball 3-2: Base on Balls
|
|
Batting: LHB Danny Hull
|
Pickoff Throw to First - Out! 1-3 0-0: Called Strike 0-1: Foul Ball, location: 2F 0-2: Ground out 5-3 (Groundball, 56, EV 96.2 MPH)
|
| Top of the 5th over - 0 runs, 0 hits, 0 errors, 0 left on base; Montgomery 1 - Chattanooga 0 |
| BOTTOM OF THE 5TH |
|
Chattanooga Lookouts batting - Pitching for Montgomery Biscuits : LHP Frank Rodriguez
|
|
Batting: LHB Jon Ventura
|
0-0: Called Strike 0-1: Foul Ball, location: 2F 0-2: Foul Ball, location: 2F 0-2: Ball 1-2: Foul Ball, location: 2F 1-2: SINGLE (Line Drive, 78M, EV 106.2 MPH)
|
|
Batting: RHB Nick Phipps
|
0-0: Ball 1-0: Ball Jon Ventura is caught stealing 2nd base 2-4 2-0: Swinging Strike 2-1: Called Strike 2-2: Strikes out swinging
|
|
Batting: LHB David Campbell
|
0-0: Ball 1-0: Ball 2-0: Ball 3-0: Base on Balls
|
|
Batting: RHB David Nardone
|
0-0: Foul Ball, location: 2F 0-1: Foul Ball, location: 2F 0-2: Ground out 1-3 (Groundball, 13, EV 73.8 MPH)
|
| Bottom of the 5th over - 0 runs, 1 hit, 0 errors, 1 left on base; Montgomery 1 - Chattanooga 0 |
| TOP OF THE 6TH |
|
Montgomery Biscuits batting - Pitching for Chattanooga Lookouts : LHP Willie Jimenez
|
|
Batting: RHB Chris Thorson
|
0-0: Ball 1-0: Foul Ball, location: 2F 1-1: SINGLE (Groundball, 6D, EV 111.2 MPH)
|
|
Batting: RHB Roberto Aispuro
|
0-0: Ball 1-0: Called Strike 1-1: Foul Ball, location: 2F 1-2: Ball 2-2: Fly out, F9 (Line Drive, 9S, EV 92.5 MPH)
|
|
Batting: LHB Darryl Gonnella
|
0-0: Ball 1-0: Fielders Choice at 2nd, 4-6 (Groundball, 34S, EV 88.8 MPH)
|
|
Batting: LHB Eric Toney
|
0-0: Called Strike Darryl Gonnella steals 2nd base 0-1: Foul Ball, location: 2F 0-2: Strikes out looking
|
| Top of the 6th over - 0 runs, 1 hit, 0 errors, 1 left on base; Montgomery 1 - Chattanooga 0 |
| BOTTOM OF THE 6TH |
|
Chattanooga Lookouts batting - Pitching for Montgomery Biscuits : LHP Frank Rodriguez
|
|
Batting: RHB Jose Gracia
|
0-0: Ball 1-0: Ball 2-0: Called Strike 2-1: SINGLE (Groundball, 4MS, EV 56.2 MPH) (infield hit)
|
|
Batting: SHB Matt Urbani
|
0-0: Ball 1-0: Foul Ball, location: 2F 1-1: Ball 2-1: Ground out 6-3 (Groundball, 6S, EV 75.6 MPH) Jose Gracia to second
|
|
Batting: LHB Marshall Daul
|
0-0: Ball 1-0: Foul Ball, location: 2F 1-1: SINGLE (Line Drive, 34D, EV 110.0 MPH) Jose Gracia to third Runner from 3rd tries for Home, SAFE, throw by RF to home
|
|
Batting: RHB Leo Gonzalez
|
0-0: Ball Marshall Daul is caught stealing 2nd base 2-4 1-0: Foul Ball, location: 2F 1-1: Called Strike 1-2: Foul Ball, location: 2F 1-2: Ball 2-2: Ball 3-2: Foul Ball, location: 2F 3-2: SINGLE (Flyball, 5D, EV 96.9 MPH)
|
|
Batting: RHB Michael McDonald
|
0-0: Ball 1-0: Foul Ball, location: 2F 1-1: Swinging Strike 1-2: Strikes out swinging
|
| Bottom of the 6th over - 1 run, 3 hits, 0 errors, 1 left on base; Montgomery 1 - Chattanooga 1 |
| TOP OF THE 7TH |
|
Montgomery Biscuits batting - Pitching for Chattanooga Lookouts : LHP Willie Jimenez
|
|
Batting: RHB Freddy Mullen
|
0-0: Called Strike 0-1: Swinging Strike 0-2: DOUBLE (Line Drive, 9LS, EV 106.9 MPH)
|
|
Batting: RHB John Downing
|
0-0: Intentional Walk
|
|
Batting: LHB Angel Ruvalcaba
|
0-0: Bunted foul 0-1: Bunted foul 0-2: Strikes out swinging
|
|
Batting: RHB Dave Galloway
|
0-0: Ball 1-0: Called Strike 1-1: Ball 2-1: Swinging Strike 2-2: Ball 3-2: Grounds into double play, 6-4-3 (Groundball, 6, EV 81.9 MPH)
|
| Top of the 7th over - 0 runs, 1 hit, 0 errors, 1 left on base; Montgomery 1 - Chattanooga 1 |
| BOTTOM OF THE 7TH |
|
Chattanooga Lookouts batting - Pitching for Montgomery Biscuits : LHP Frank Rodriguez
|
|
Batting: LHB Jon Ventura
|
0-0: Called Strike 0-1: Ball 1-1: Ground out U3 (Groundball, 3L, EV 76.9 MPH)
|
|
Batting: RHB Nick Phipps
|
0-0: Ball 1-0: Swinging Strike 1-1: Swinging Strike 1-2: Strikes out looking
|
|
Batting: LHB David Campbell
|
0-0: Fly out, F7 (Flyball, 7, EV 86.9 MPH)
|
| Bottom of the 7th over - 0 runs, 0 hits, 0 errors, 0 left on base; Montgomery 1 - Chattanooga 1 |
| TOP OF THE 8TH |
|
Montgomery Biscuits batting - Pitching for Chattanooga Lookouts : LHP Willie Jimenez
|
|
Batting: LHB Danny Hull
|
0-0: Called Strike 0-1: Foul Ball, location: 2F 0-2: Strikes out swinging
|
|
Batting: RHB Chris Thorson
|
0-0: Foul Ball, location: 2F 0-1: SINGLE (Groundball, 4, EV 105.6 MPH)
|
|
Pitching: LHP Bobby Molina
|
|
|
Batting: RHB Roberto Aispuro
|
0-0: Called Strike 0-1: Ball 1-1: Called Strike 1-2: Ball 2-2: Foul Ball, location: 2F 2-2: SINGLE (Groundball, 15S, EV 64.4 MPH) (infield hit) Chris Thorson to second
|
|
Pinch Hitting: RHB Dermott Kennelly
|
0-0: Foul Ball, location: 2F 0-1: Ball 1-1: Ball 2-1: Foul Ball, location: 2F 2-2: Foul Ball, location: 2F 2-2: Ground out 5-3 (Groundball, 56S, EV 69.4 MPH) Chris Thorson to third Roberto Aispuro to second
|
|
Batting: LHB Eric Toney
|
0-0: Foul Ball, location: 2F 0-1: Ball 1-1: Called Strike 1-2: Strikes out swinging
|
| Top of the 8th over - 0 runs, 2 hits, 0 errors, 2 left on base; Montgomery 1 - Chattanooga 1 |
| BOTTOM OF THE 8TH |
|
Chattanooga Lookouts batting - Pitching for Montgomery Biscuits : LHP Frank Rodriguez
|
|
Pitching: RHP Jaime Astacio
|
|
|
Now in LF: Julio Hernandez
|
|
|
Batting: RHB David Nardone
|
0-0: Ball 1-0: Called Strike 1-1: SINGLE (Line Drive, 78M, EV 90.0 MPH)
|
|
Batting: RHB Jose Gracia
|
0-0: Fly out, F9 (Flyball, 89XD, EV 88.8 MPH)
|
|
Batting: SHB Matt Urbani
|
0-0: Ball 1-0: Called Strike David Nardone steals 2nd base 1-1: Foul Ball, location: 2F 1-2: Ball 2-2: Ball 3-2: Ground out 6-3 (Groundball, 6, EV 98.8 MPH)
|
|
Batting: LHB Marshall Daul
|
0-0: Ball 1-0: Called Strike 1-1: Ball 2-1: Swinging Strike 2-2: Strikes out swinging
|
| Bottom of the 8th over - 0 runs, 1 hit, 0 errors, 1 left on base; Montgomery 1 - Chattanooga 1 |
| TOP OF THE 9TH |
|
Montgomery Biscuits batting - Pitching for Chattanooga Lookouts : LHP Bobby Molina
|
|
Pitching: RHP Regan Kalinski
|
|
|
Batting: RHB Freddy Mullen
|
0-0: Ball 1-0: Ball 2-0: DOUBLE (Line Drive, 7LS, EV 93.1 MPH)
|
|
Batting: RHB John Downing
|
0-0: Called Strike 0-1: Fly out, F8 (Flyball, 78M, EV 84.4 MPH)
|
|
Batting: LHB Angel Ruvalcaba
|
0-0: Fly out, F5 (Line Drive, 56, EV 62.5 MPH)
|
|
Batting: RHB Dave Galloway
|
0-0: Ball 1-0: Ball 2-0: Ball 3-0: Base on Balls
|
|
Batting: LHB Danny Hull
|
0-0: Ball 1-0: DOUBLE (Groundball, 3L, EV 109.4 MPH) Freddy Mullen scores Dave Galloway to third Runner from 3rd tries for Home, SAFE, throw by RF to trailing runner, SAFE at third!
|
|
Batting: RHB Chris Thorson
|
0-0: Called Strike 0-1: Ground out 6-3 (Groundball, 6, EV 90.0 MPH)
|
| Top of the 9th over - 2 runs, 2 hits, 0 errors, 1 left on base; Montgomery 3 - Chattanooga 1 |
| BOTTOM OF THE 9TH |
|
Chattanooga Lookouts batting - Pitching for Montgomery Biscuits : RHP Jaime Astacio
|
|
Pitching: LHP Brian Kelly
|
|
|
Now at 1B: Chris Thorson
|
|
|
Now at 2B: Khalil Walker
|
|
|
Batting: RHB Leo Gonzalez
|
0-0: Called Strike 0-1: Foul Ball, location: 2F 0-2: Strikes out swinging
|
|
Batting: RHB Michael McDonald
|
0-0: Ball 1-0: Called Strike 1-1: Ball 2-1: Ball 3-1: Base on Balls
|
|
Batting: LHB Jon Ventura
|
0-0: Ball 1-0: Ball 2-0: Ball 3-0: Called Strike 3-1: Foul Ball, location: 2F 3-2: Foul Ball, location: 2F 3-2: SINGLE (Line Drive, 34, EV 106.2 MPH) Michael McDonald to second
|
|
Batting: RHB Nick Phipps
|
0-0: Foul Ball, location: 2F 0-1: Called Strike 0-2: Ball 1-2: SINGLE (Flyball, 34D, EV 97.5 MPH) Michael McDonald to third Jon Ventura to second
|
|
Batting: LHB David Campbell
|
0-0: Called Strike 0-1: Called Strike 0-2: SINGLE (Line Drive, 8RS, EV 84.4 MPH) Michael McDonald scores Jon Ventura to third Nick Phipps to second
|
|
Batting: RHB David Nardone
|
0-0: GRAND SLAM HOME RUN (Flyball, 7D, EV 105.6 MPH), Distance : 407 ft
|
| Bottom of the 9th over - 5 runs, 4 hits, 0 errors, 0 left on base; Montgomery 3 - Chattanooga 6 |
|